 Dungeon Crawl Stone Soup version 0.20.1-1-g8b1a95d (webtiles) character file.

1277 vineage the Twirler (level 8, -6/71 HPs)
             Began as a Minotaur Fighter on Aug 24, 2017.
             Mangled by Menkaure (20 damage)
             ... on level 7 of the Dungeon.
             The game lasted 00:10:12 (3720 turns).

vineage the Twirler (Minotaur Fighter)              Turns: 3720, Time: 00:10:13

Health: -6/71      AC:  8    Str: 22    XL:     8   Next: 29%
Magic:  7/7        EV: 14    Int: 10    God:
Gold:   320        SH: 10    Dex: 16    Spells: 7/7 levels left

rFire    . . .     SeeInvis .   o - +1 mace of Sufforghe {speed, rC+}
rCold    + + +     Gourm    .   c - +0 shield
rNeg     . . .     Faith    .   b - +1 scale mail
rPois    +         Spirit   .   (helmet restricted)
rElec    +         Reflect  .   u - scarf {cloud immunity}
rCorr    +         Harm     +   (no gloves)
MR       .....                  (no boots)
Stlth    +.........             g - amulet of harm
Regen    0.3/turn               s - ring of ice
MPRegen  0.1/turn               t - ring of protection from cold

@: brilliant, agile, resistant
A: retaliatory headbutt, horns 2
a: no special abilities


You were on level 7 of the Dungeon.
You were hungry.

You visited 1 branch of the dungeon, and saw 7 of its levels.

You collected 320 gold pieces.

Inventory:

Hand Weapons
 a - a +0 long sword
 i - a +0 lajatang
 o - the +1 mace of Sufforghe (weapon) {speed, rC+}
   (You found it on level 4 of the Dungeon)

   Attacks with this weapon are significantly faster.
   It protects you from cold.
Armour
 b - a +1 scale mail (worn)
 c - a +0 shield (worn)
 u - a scarf of cloud immunity (worn)
Jewellery
 g - an amulet of harm (around neck)
 s - a ring of ice (left hand)
 t - a ring of protection from cold (right hand)
Wands
 n - a wand of acid (5/15)
 p - a wand of random effects (22/48)
Scrolls
 e - 2 scrolls of teleportation
 j - 3 scrolls of remove curse
 k - a scroll of enchant armour
 r - 3 scrolls of identify
 v - a scroll of magic mapping {unknown}
Potions
 l - a potion of lignification
Comestibles
 f - 5 bread rations
 h - a meat ration


   Skills:
 + Level 6.6 Fighting
 + Level 4.2 Long Blades
 * Level 2.4(5.0) Maces & Flails
 - Level 6.9(7.1) Staves
 + Level 5.7 Armour
 + Level 2.5 Dodging
 + Level 1.0 Stealth
 + Level 4.8 Shields


You had 7 spell levels left.
You didn't know any spells.

Dungeon Overview and Level Annotations

Branches:
Dungeon (8/15)
 Temple: D:4-7         Lair: D:8-11

Altars:
Cheibriados
Qazlal
Ru
Sif Muna
Vehumet
Zin

Annotations:
D:7 Menkaure


Innate Abilities, Weirdness & Mutations

You reflexively headbutt those who attack you in melee.
You have a pair of horns on your head.


Message History

Menkaure calls on the powers of darkness!
Your body is wracked with pain!
Ouch! That really hurt!
Menkaure casts a spell.
Menkaure seems to speed up.
Your scale mail prevents you from hitting Menkaure.
Menkaure mumbles, "It doesn't hurt if you pull your brain out of your nose yourself."
Menkaure hits you!
* * * LOW HITPOINT WARNING * * *
You hit Menkaure but do no damage. You block Menkaure's attack.
It was a potion of resistance.
You feel protected. Menkaure closely misses you. You furiously retaliate!
You headbutt Menkaure.
It was a potion of brilliance.
You feel clever all of a sudden. You block Menkaure's attack.
It was a potion of agility.
You feel agile all of a sudden. Menkaure hits you!
You die...

#.... #...# #...#
...## .... #..#
#M.##.# #@.##.#
#..##.# #.....#
#.###.#######
#...........##
#......>.....#####
#...........†.>...
#...##..###.######
##[###..# #.#


You could see Menkaure.

Vanquished Creatures
  The ghost of Velros the Cudgeler, an amateur FoAK of Lugonu (D:4)
  Sigmund (D:4)
  2 ogres (D:4)
  A bullfrog (D:7)
  3 howler monkeys
  An orc priest (D:4)
  Crazy Yiuf (D:4)
  A centaur skeleton (D:5)
  Jessica (D:3)
  Ijyb (D:5)
  6 orc wizards
  A worker ant (D:4)
  A worker ant zombie (D:5)
  11 adders
  4 oozes (D:1)
  An adder skeleton (D:4)
  3 worms
  8 dart slugs
  2 leopard geckos
  15 orcs
  4 giant cockroaches
  10 goblins
  6 hobgoblins
  6 jackals
  6 kobolds
  A quokka (D:2)
  A ball python (D:3)
  A ball python skeleton (D:4)
  5 bats
  10 frilled lizards
  8 rats
123 creatures vanquished.

Notes
Turn   | Place    | Note
-------+----------+-------------------------------------------
     0 | D:1      | vineage the Minotaur Fighter began the quest for the Orb.
     0 | D:1      | Reached XP level 1. HP: 19/19 MP: 0/0
     1 | D:1      | Found a runed door.
   109 | D:1      | Reached XP level 2. HP: 23/27 MP: 1/1
   802 | D:1      | Reached XP level 3. HP: 32/33 MP: 2/2
   888 | D:2      | Reached XP level 4. HP: 35/40 MP: 3/3
  1105 | D:2      | Found a deep blue altar of Sif Muna.
  1273 | D:3      | Found a glowing silver altar of Zin.
  1370 | D:3      | Found a snail-covered altar of Cheibriados.
  1397 | D:3      | Reached skill level 1 in Dodging
  1551 | D:3      | Reached XP level 5. HP: 45/47 MP: 4/4
  1880 | D:3      | Noticed Jessica
  1895 | D:3      | Killed Jessica
  2067 | D:4      | Reached skill level 1 in Staves
  2186 | D:4      | Found a radiant altar of Vehumet.
  2186 | D:4      | Found a stormy altar of Qazlal.
  2187 | D:4      | Found a sacrificial altar of Ru.
  2244 | D:4      | Reached XP level 6. HP: 29/55 MP: 5/5
  2476 | D:4      | Reached skill level 5 in Fighting
  2524 | D:4      | Reached skill level 1 in Stealth
  2552 | D:4      | Noticed Velros's ghost (amateur FoAK)
  2562 | D:4      | Killed Velros's ghost
  2562 | D:4      | Reached skill level 5 in Staves
  2562 | D:4      | Reached XP level 7. HP: 43/61 MP: 6/6
  2631 | D:4      | Noticed Sigmund
  2664 | D:5      | Entered Level 5 of the Dungeon
  2734 | D:5      | Noticed Ijyb
  2743 | D:5      | Killed Ijyb
  2782 | D:5      | Reached skill level 5 in Armour
  2821 | D:4      | Killed Sigmund
  3161 | D:4      | Reached XP level 8. HP: 53/70 MP: 7/7
  3179 | D:4      | Found a runed door.
  3183 | D:4      | Noticed Crazy Yiuf
  3185 | D:4      | Killed Crazy Yiuf
  3190 | D:4      | Got an ancient mace
  3192 | D:4      | Identified the cursed +1 mace of Sufforghe {speed, rC+} (You found it on level 4 of the Dungeon)
  3452 | D:4      | Reached skill level 1 in Maces & Flails
  3667 | D:5      | You fall through a shaft for 3 floors!
  3710 | D:7      | Noticed Menkaure
  3720 | D:7      | Mangled by Menkaure

Skill      XL: |  1  2  3  4  5  6  7  8 |
---------------+-------------------------+-----
Shields        | 4 |  4.8
Fighting       | 4 5 6 |  6.6
Long Blades    | 3 4 |  4.2
Armour         | 4 5 |  5.7
Dodging        | 1 2 |  2.5
Staves         | 2 5 6 |  6.9
Stealth        | 1 |  1.0
Maces & Flails | 2 |  2.4

Action                   |  1- 3 |  4- 6 |  7- 9 || total
-------------------------+-------+-------+-------++-------
Melee: Long sword        |    96 |    45 |       ||   141
       Headbutt          |    15 |    23 |    12 ||    50
       Lajatang          |       |    90 |    77 ||   167
       Mace              |       |       |    38 ||    38
  Use: Scroll            |       |    10 |     1 ||    11
       Potion            |       |     3 |     6 ||     9
  Eat: Fruit             |       |     2 |       ||     2
       Chunk             |       |     2 |       ||     2
       Meat ration       |       |     1 |       ||     1
Armor: Scale mail        |    44 |    45 |    53 ||   142
Dodge: Dodged            |    19 |    64 |    50 ||   133
Block: Shield            |    40 |    27 |    15 ||    82
       Rpst.: Long sword |     5 |     3 |       ||     8
